 Dungeon Crawl Stone Soup version 0.30-a0-23-ge60ba3568b (webtiles) character file.

Game seed: 7043759810211904313

36 scionoferis the Sneak (level 3, 0/29 HPs)
             Began as a Demigod Wanderer on Aug 24, 2022.
             Succumbed to an adder's poison
             ... on level 1 of the Dungeon.
             The game lasted 00:02:43 (966 turns).

scionoferis the Sneak (Demigod Wanderer)             Turns: 966, Time: 00:02:43

Health: 0/29       AC:  3    Str: 13    XL:     3   Next: 5%
Magic:  5/7        EV: 11    Int: 16    God:
Gold:   82         SH:  0    Dex: 15    Spells: 3/4 levels left

rFire   . . .      SeeInvis .    a - +2 quarterstaff
rCold   . . .      Faith    .    (shield currently unavailable)
rNeg    . . .      Spirit   .    d - +0 robe
rPois   .          Reflect  .    b - +0 helmet
rElec   .          Harm     .    (no cloak)
rCorr   .          Rampage  .    (no gloves)
Will    .....                    (no boots)
Stlth   ++........               (no amulet)
HPRegen 0.09/turn                (no ring)
MPRegen 0.10/turn                (no ring)

@: lethally poisoned (0 -> -1)
A: high MP 1, forlorn, divine attributes
a: no special abilities


You were on level 1 of the Dungeon.
You visited 1 branch of the dungeon, and saw 2 of its levels.

You collected 82 gold pieces.

Inventory:

Hand Weapons
 a - a +2 quarterstaff (weapon)
Armour
 b - a +0 helmet (worn)
 d - a +0 robe (worn)
Scrolls
 e - a scroll of teleportation {unknown}
 f - a scroll of fear {unknown}
 g - 2 scrolls of amnesia {unknown}
 i - a scroll of enchant armour {unknown}
 j - a scroll of identify {unknown}
Potions
 c - a potion of attraction
 h - a potion of flight {unknown}
 k - 2 potions of haste {unknown}
 l - 2 potions of curing {unknown}


   Skills:
 * Level 1.7 Fighting
 - Level 2.6 Staves
 + Level 1.5 Armour
 + Level 1.0 Dodging
 - Level 2.6 Stealth
 + Level 1.1 Spellcasting
 - Level 1.7 Necromancy


You had 3 spell levels left.
You knew the following spells:

 Your Spells              Type           Power      Damage    Failure   Level
a - Necrotise             Necr           24%        1d5       11%         1

Your spell library contained the following spells:

 Spells                   Type           Power      Damage    Failure   Level
 Sublimation of Blood     Necr           6%         N/A       17%         2
 Vampiric Draining        Necr           6%         2d6       32%         3
 Dazzling Flash           Conj/Hex       0%         N/A       56%         3
 Iskenderun's Mystic Bla  Conj/Tloc      0%         2d3       92%         4
 Petrify                  Tmut/Erth      0%         N/A       92%         4
 Irradiate                Conj/Tmut      0%         3d11      99%         5
 Starburst                Conj/Fire      0%         6d3       100%        6


Dungeon Overview and Level Annotations

Branches:
Dungeon (2/15)


Innate Abilities, Weirdness & Mutations

You have an increased reservoir of magic. (+10% MP)
You shall have no god before yourself.
Your divine heritage dramatically boosts your attributes as you level up.


Message History

The goblin hits you with a +0 club.
You barely miss the goblin.
An adder comes into view.
The goblin closely misses you.
You hit the adder.
The adder is heavily wounded.
The adder barely misses you. The goblin closely misses you.
The kobold hits you with a +0 dagger. The adder bites you.
There is an escape hatch in the ceiling here.
The adder bites you but does no damage. The kobold hits you but does no damage.
A mysterious force pulls you upwards. The hatch slams shut behind you.
You miss the adder.
The adder is moderately wounded.
The adder bites you.
You are poisoned.
The adder poisons you! The kobold hits you with a +0 dagger.
The adder barely misses you.
You hit the adder.
The adder is almost dead.
You feel sick. The adder closely misses you.
The kobold hits you with a +0 dagger.
You hit the adder.
You kill the adder!
You feel sick. The kobold hits you with a +0 dagger.
Your Dodging skill increases to level 1!
You have reached level 3!
Your experience leads to a dramatic increase in your attributes!
Increase (S)trength, (I)ntelligence, or (D)exterity?
You feel stronger. x4
You closely miss the kobold.
You feel sick. The kobold hits you with a +0 dagger.
* * * LOW HITPOINT WARNING * * *
The kobold misses you.
You hit the kobold.
The kobold is heavily wounded.
You feel sick. The kobold hits you with a +0 dagger.
* * * LOW HITPOINT WARNING * * *
You barely miss the kobold.
The kobold is heavily wounded.
You die...

...###.....................#
#♣#.....#+#......#.........#
♣♣♣...#.#.#.#.##.#.........#
~♣♣##.#.#.#.#.##.#.........#
.~......#.#.#.##.#.........####
♣.~..........................>#
♣♣♣.....#...####..#.....#)###.#
♣..........## #..#.#####.# #.#
...........#####@.#.#####.# #.#
............#....K..#.....# #.#
#.#.###+#.#.##.#....#.##### #.#
..#.#..........##..##.# #.#
....#...#.##.####..##.## #.#
...............##......# #.#
................#..##..# #.#
#.#####.##.#.#..#......# #.#
#.## #...............#.######.#


You could see a kobold.

Vanquished Creatures
  An adder (D:1)
  2 dart slugs (D:1)
  An endoplasm (D:1)
  2 giant cockroaches (D:1)
  3 hobgoblins (D:1)
  4 kobolds (D:1)
  A quokka (D:1)
  3 ball pythons (D:1)
  A bat (D:1)
  3 frilled lizards (D:1)
  A goblin (D:1)
  3 rats (D:1)
25 creatures vanquished.

Notes
Turn   | Place    | Note
-------+----------+-------------------------------------------
     0 | D:1      | scionoferis the Demigod Wanderer began the quest for the
                  | Orb.
     0 | D:1      | scionoferis set off with the following items: a +2
                  | quarterstaff, a +0 helmet, a potion of attraction, a +0
                  | robe; and the following spell memorised: Necrotise; and the
                  | following spells available to memorise: Vampiric Draining.
     0 | D:1      | Reached XP level 1. HP: 14/14 MP: 4/4
   166 | D:1      | Reached skill level 1 in Fighting
   225 | D:1      | Reached XP level 2. HP: 17/23 MP: 5/5
   846 | D:1      | Noticed an orange demon
   964 | D:1      | Reached skill level 1 in Dodging
   964 | D:1      | Reached XP level 3. HP: 10/29 MP: 5/7
   965 | D:1      | HP: 1/29 [kobold/+0 dagger (3)]
   966 | D:1      | Succumbed to an adder's poison

Illustrated notes

Levels and vault maps discovered:
D:1:      shiori_arrival_maze, layout_basic,
          dreamdust_ecumenical_altar_sealed_demon, serial_bayou_crossing
D:2:      layout_loops_cross, basic_altar, reono_crystal_passage,
          small_statue_intersection, minmay_misc_feat_more_columns,
          minmay_misc_feat_hallway

Skill      XL: |  1  2 |
---------------+-------+-----
Fighting       | 1 |  1.7
Dodging        | 1 |  1.0
Staves         | |  2.6
Armour         | |  1.5
Stealth        | |  2.6
Spellcasting   | |  1.1
Necromancy     | |  1.7

Action                   || total
-------------------------++-------
Melee: Quarterstaff      ||    50
 Stab: Sleeping          ||     5
Armor: Robe              ||    11
Dodge: Dodged            ||    19

Table legend: (Time is in decaauts)
 A = Elapsed time spent in this place.
 B = Non-inter-level travel time spent in this place.
 C = Inter-level travel time spent in this place.
 D = Time resting spent in this place.
 E = Time spent auto-exploring this place.
 F = Levels seen in this place.
 G = Mean time per level.
                   A        B        C        D        E       F      G
               +--------+--------+--------+--------+--------+-----+--------+
         Total |    977 |    959 |     18 |      0 |    767 |   2 |  488.5 |
       Dungeon |    977 |    959 |     18 |      0 |    767 |   2 |  488.5 |
               +--------+--------+--------+--------+--------+-----+--------+

Top non-repeatable levels by time:
     D:1: 965 daAuts
     D:2: 12 daAuts
